AoeStats
← Kebab Loverzz

Arabia

505649675Analyzed
1v1 RM · 22d ago on Sep 10, 2026· 44m 53s· 2 players
Game mode
Random Map
Map size
Tiny (2 player)
Population
200
Speed
Normal
Resources
Standard
Victory
Conquest
Starting age
Dark Age
Ending age
Imperial Age
RankedLock teamsTeams togetherTeam positionsShared explorationLock speedFull tech treeHidden civsTurbo modeCheats
Victory
Defeat
🇨🇳 Byzantines · China
1079
+17
🇮🇩 Khitans · Indonesia
1095
-22
老王玩帝国
6:46 Loom
8:54 Feudal Age
19:00 Castle Age
17:03 Double-Bit Axe
17:01 Horse Collar
17:17 Gold Mining
17:38 Gold Mining
19:47 Husbandry
21:43 Wheelbarrow
30:33 Hand Cart
34:48 Imperial Age
34:03 Scale Barding Armor
34:09 Forging
33:50 Fletching
34:39 Gold Shaft Mining
33:55 Stone Mining
35:35 Pikeman
36:16 Squires
36:38 Chain Barding Armor
36:19 Scale Mail Armor
36:41 Heavy Camel Rider
40:59 Iron Casting
Kebab Loverzz
6:13 Loom
6:21 Loom
9:13 Feudal Age
10:02 Double-Bit Axe
12:52 Domestication
13:52 Forging
15:38 Wheelbarrow
20:57 Castle Age
20:14 Scale Barding Armor
22:15 Iron Casting
22:01 Chain Barding Armor
21:46 Husbandry
22:21 Gold Mining
22:45 Bow Saw
24:21 Pastoralism
26:00 Hand Cart
36:43 Imperial Age
36:24 Ballistics
37:18 Heavy Camel Rider
40:38 Plate Barding Armor
Connection lost

Rejoining the realm…

Still unreachable

The connection could not be restored.

Session expired

The server has moved on; the page needs a fresh start.